 Dungeon Crawl Stone Soup version 0.31-a0-654-gbe3e110b4e (webtiles) character file.

Game seed: 14244246323441631551

151 inmateoo the Sneak (level 5, 0/45 HPs)
             Began as a Naga Ice Elementalist on Aug 29, 2023.
             Slain by Ijyb
             ... wielding a +2 dagger of venom
              (5 damage)
             ... on level 3 of the Dungeon.
             The game lasted 00:04:25 (1453 turns).

inmateoo the Sneak (Naga Ice Elementalist)          Turns: 1453, Time: 00:04:25

Health: 0/45       AC:  3    Str: 10    XL:     5   Next: 33%
Magic:  7/9        EV:  9    Int: 18    God:
Gold:   134        SH:  0    Dex: 11    Spells: 5/9 levels left

rFire   . . .        (no weapon)
rCold   . . .        (no shield)
rNeg    . . .        a - +0 robe
rPois   +            (no helmet)
rElec   .            n - +0 cloak
rCorr   .            (no gloves)
SInv    +            (no barding)
Will    .....        (no amulet)
Stlth   +++          h - +4 ring of slaying
HPRegen 0.27/turn    (no ring)
MPRegen 0.11/turn

%: no passive effects
@: lethally poisoned (0 -> -2), freezing walls, very slow
A: AC +1, large, see invisible, deformed body, poison resistance, slowness 2,
spit poison 1, naga tail 1
a: Spit Poison


You were on level 3 of the Dungeon.
You visited 1 branch of the dungeon, and saw 3 of its levels.

You collected 134 gold pieces.

Inventory:

Missiles
 g - 3 poisoned darts (quivered)
Armour
 a - a +0 robe (worn)
 n - a +0 cloak (worn)
Jewellery
 h - a +4 ring of slaying (left hand)
Scrolls
 c - 4 scrolls of teleportation {unknown}
 d - 3 scrolls of enchant weapon {unknown}
 e - 2 scrolls of identify {unknown}
 i - a scroll of enchant armour {unknown}
 p - a scroll of vulnerability {unknown}
 q - a scroll of noise {unknown}
 s - a scroll of fear {unknown}
Potions
 b - a potion of magic
 f - a potion of haste {unknown}
 j - a potion of ambrosia {unknown}
 k - a potion of heal wounds {unknown}
 l - a potion of resistance {unknown}
 m - a potion of lignification {unknown}
 o - 2 potions of curing {unknown}
 r - a potion of invisibility {unknown}
 t - a potion of mutation {unknown}


   Skills:
 + Level 2.0 Fighting
 - Level 1.5 Dodging
 + Level 4.9 Stealth
 - Level 0.8 Unarmed Combat
 + Level 2.9 Spellcasting
 + Level 4.6 Ice Magic


You had 5 spell levels left.
You knew the following spells:

 Your Spells              Type           Power      Damage    Failure   Level
a - Freeze                Ice            76%        1d8       2%          1
b - Frozen Ramparts       Ice            38%        1d6       7%          3

Your spell library contained the following spells:

 Spells                   Type           Power      Damage    Failure   Level
 Ozocubu's Armour         Ice            19%        N/A       7%          3
 Kiss of Death            Conj/Necr      8%         2d6       17%         1
 Confusing Touch          Hex            2%         N/A       45%         3
 Summon Ice Beast         Ice/Summ       11%        N/A       54%         4
 Dispel Undead            Necr           2%         3d7       86%         4


Dungeon Overview and Level Annotations

Branches:
Dungeon (3/15)

Altars:

Shops:
D:2 (

Annotations:
D:3 Ijyb


Innate Abilities, Weirdness & Mutations

Your serpentine skin is tough. (AC +1)
You have supernaturally acute eyesight. (SInv)
Armour fits poorly on your strangely shaped body.
Your system is resistant to poisons. (rPois)
You cover ground very slowly.
You can spit poison.
You have a snake-like lower body.


Message History

You hit Ijyb.
Ijyb is lightly wounded.
The wall freezes the adder but does no damage.
The adder bites you but does no damage.
The wall freezes Ijyb.
Ijyb hits you with a +2 dagger of venom.
You are poisoned.
You hit Ijyb but do no damage.
Ijyb is moderately wounded.
You feel sick.
The wall freezes the adder.
The adder seems to slow down.
The adder bites you.
The wall freezes Ijyb but does no damage.
Ijyb hits you with a +2 dagger of venom.
Throw: 4 darts (poison)
Press: ? - help, Q - select action, (/) - cycle Shift-Dir - straight line, f/p - Ijyb
Aim: Ijyb, wielding a +2 dagger of venom, wearing a +0 chain mail and carrying a wand of iceblast (moderately wounded, poisoned, 59% to hit)
You throw a poisoned dart. The poisoned dart hits Ijyb.
Ijyb looks even sicker.
Ijyb is moderately wounded.
You feel sick.
The wall freezes the adder.
The adder bites you but does no damage.
The wall freezes Ijyb.
Ijyb hits you with a +2 dagger of venom.
* * * LOW HITPOINT WARNING * * *
You completely miss Ijyb.
Ijyb is severely wounded.
You feel sick.
The wall freezes the adder.
You kill the adder!
The wall freezes Ijyb.
Ijyb hits you with a +2 dagger of venom.
* * * LOW HITPOINT WARNING * * *
The wall freezes the kobold.
You kill the kobold!
You hit Ijyb but do no damage.
Ijyb is almost dead.
You feel sick.
You hit Ijyb but do no damage.
Ijyb is almost dead.
You feel sick.
The wall freezes Ijyb but does no damage.
Ijyb screams, "Die!"
Ijyb hits you with a +2 dagger of venom.
You die...

........ ........ #. .# ...
.......... ..... ...
...........##.#.#.# ....
........................
............#.#.#.#... .
........ .....).........
.###.....##.#>#†#.#.......
...+.....+......@g(.......
.###.....####.#.#.#(......
'###.....###............
..##........#.#.#.#.....
..##.................##
............#.#.#.#..#######+##
...............................
...)........#.#.#.#............
...........................(...


You could see Ijyb (very poisoned).

Vanquished Creatures
  A scorpion (D:3)
  5 adders
  2 worms
  A dart slug (D:2)
  An orc (D:3)
  3 bats
  3 endoplasms
  A giant cockroach (D:1)
  4 goblins
  5 hobgoblins
  2 jackals (D:3)
  A quokka (D:2)
  3 ball pythons
  A frilled lizard (D:2)
  2 kobolds (D:3)
  4 rats
39 creatures vanquished.

Notes
Turn   | Place    | Note
-------+----------+-------------------------------------------
     0 | D:1      | inmateoo the Naga Ice Elementalist began the quest for the
                  | Orb.
     0 | D:1      | Reached XP level 1. HP: 15/15 MP: 3/3
    79 | D:1      | Found a faded altar of an unknown god.
   317 | D:1      | Reached XP level 2. HP: 24/24 MP: 3/5
   457 | D:2      | Found Amiakk's Antique Weapon Shoppe.
   463 | D:2      | HP: 1/24 [hobgoblin (2)]
   698 | D:2      | Reached XP level 3. HP: 23/30 MP: 0/6
   793 | D:2      | Reached skill level 1 in Fighting
   885 | D:2      | Learned a level 3 spell: Frozen Ramparts
  1152 | D:3      | Reached XP level 4. HP: 38/38 MP: 5/7
  1205 | D:3      | Noticed a scorpion
  1211 | D:3      | Killed a scorpion
  1212 | D:3      | Reached XP level 5. HP: 23/45 MP: 4/9
  1311 | D:3      | Noticed Ijyb
  1453 | D:3      | Slain by Ijyb

Illustrated notes

Levels and vault maps discovered:
D:1:      nagdon_arrival_zigzag_paths, layout_rooms,
          ebering_ecumenical_altar_sacrificial
D:2:      layout_loops_ring, serial_shops, shop, kennysheep_flooded_box
D:3:      layout_basic, palyth_stone_intersect, st_stairs_12, uniq_ijyb

Skill      XL: |  1  2  3  4  5 |
---------------+----------------+-----
Fighting       | 1 2 |  2.0
Stealth        | 4 |  4.9
Dodging        | |  1.5
Unarmed Combat | |  0.8
Spellcasting   | |  2.9
Ice Magic      | |  4.6

Action                     |  1- 3 |  4- 6 || total
---------------------------+-------+-------++-------
  Melee: Unarmed           |    28 |    34 ||    62
  Throw: Dart              |       |     3 ||     3
   Cast: Freeze            |    32 |    11 ||    43
         Frozen Ramparts   |     1 |     2 ||     3
    Use: Potion            |     1 |       ||     1
   Stab: Sleeping          |     2 |       ||     2
 Armour: Robe              |    14 |    11 ||    25
  Dodge: Dodged            |    30 |    19 ||    49

Table legend: (Time is in decaauts)
 A = Elapsed time spent in this place.
 B = Non-inter-level travel time spent in this place.
 C = Inter-level travel time spent in this place.
 D = Time resting spent in this place.
 E = Time spent auto-exploring this place.
 F = Levels seen in this place.
 G = Mean time per level.
                   A        B        C        D        E       F      G
               +--------+--------+--------+--------+--------+-----+--------+
         Total |   1856 |   1820 |     36 |    280 |    630 |   3 |  618.7 |
       Dungeon |   1856 |   1820 |     36 |    280 |    630 |   3 |  618.7 |
               +--------+--------+--------+--------+--------+-----+--------+

Top non-repeatable levels by time:
     D:2: 913 daAuts
     D:1: 486 daAuts
     D:3: 456 daAuts
